 Dungeon Crawl Stone Soup version 0.23.2-30-g0e89c35649 (webtiles) character file.

Game seed: 1522764638925358280

21205 troglodite the Blocker (level 12, -2/94 HPs)
             Began as a Demonspawn Fighter on June 9, 2019.
             Was a High Priest of Nemelex Xobeh.
             Killed by divine providence
             ... invoked by a meliai
              (15 damage)
             ... on level 13 of the Dungeon.
             The game lasted 00:48:03 (15077 turns).

troglodite the Blocker (Demonspawn Fighter)        Turns: 15077, Time: 00:48:03

Health: -2/94      AC: 16    Str: 21    XL:     12   Next: 52%
Magic:  27/27      EV:  4    Int: 11    God:    Nemelex Xobeh [*****.]
Gold:   417        SH: 18    Dex: 19    Spells: 11/11 levels left

rFire    . . .     SeeInvis +   D - +4 rapier of Qoexets {pierce, Dex+2 SInv Stlth+}
rCold    . . .     Gourm    .   K - +0 large shield
rNeg     . . .     Faith    .   k - +0 plate armour
rPois    .         Spirit   .   (no helmet)
rElec    .         Reflect  .   (no cloak)
rCorr    .         Harm     .   (gloves unavailable)
MR       .....                  (no boots)
Stlth    ..........             (no amulet)
HPRegen  0.25/turn              J - +5 ring of strength
MPRegen  0.20/turn              j - ring of magical power

@: lethally poisoned (-2 -> -6)
A: claws 3, slimy green scales 1, powered by death 3
a: Draw Escape, Draw Destruction, Draw Summoning, Triple Draw, Deal Four, Stack
Five, Renounce Religion


You were on level 13 of the Dungeon.
You worshipped Nemelex Xobeh.
Nemelex Xobeh was extremely pleased with you.
You were very hungry.

You visited 1 branch of the dungeon, and saw 13 of its levels.
You also visited: Ossuary.

You collected 687 gold pieces.
You spent 270 gold pieces at shops.

Inventory:

Hand Weapons
 t - a +2 rapier of venom
 B - a +2 scimitar of slicing
 D - the +4 rapier of Qoexets (weapon) {pierce, Dex+2 SInv Stlth+}
   (You bought it in a shop on level 6 of the Dungeon)

   It inflicts extra damage upon your enemies.
   It affects your dexterity (+2).
   It lets you see invisible.
   It makes you more stealthy.
 L - a +1 scimitar of flaming
Armour
 k - a +0 plate armour (worn)
 K - a +0 large shield (worn)
Jewellery
 j - a ring of magical power (right claw)
 v - an uncursed ring of wizardry
 F - an uncursed ring of flight
 J - a +5 ring of strength (left claw)
Wands
 a - a wand of flame (49)
 l - a wand of random effects (19)
 z - a wand of paralysis (10)
 C - a wand of clouds (5)
 H - a wand of polymorph (15)
 I - a wand of disintegration (12)
Scrolls
 g - 9 scrolls of remove curse
 n - 3 scrolls of enchant armour {unknown}
 o - a scroll of teleportation {unknown}
 q - 2 scrolls of fog {unknown}
 r - 2 scrolls of blinking {unknown}
 s - 4 scrolls of enchant weapon {unknown}
 w - 5 scrolls of magic mapping {unknown}
 x - a scroll of brand weapon {unknown}
 y - 2 scrolls of amnesia {unknown}
 A - 3 scrolls of immolation {unknown}
 G - 2 scrolls of summoning {unknown}
 N - 2 scrolls of identify
Potions
 b - a potion of agility {unknown}
 c - a potion of resistance {unknown}
 d - 4 potions of might
 e - 8 potions of curing
 h - 3 potions of haste
 i - 4 potions of flight
 m - 2 potions of magic
 u - 5 potions of lignification
 E - a potion of cancellation
Comestibles
 f - 26 rations


   Skills:
 * Level 8.9 Fighting
 + Level 8.1(8.7) Short Blades
 + Level 4.6(7.0) Long Blades
 * Level 9.5 Armour
 + Level 0.8 Dodging
 + Level 1.5 Stealth
 * Level 10.7 Shields
 * Level 9.2 Invocations


You had 11 spell levels left.
You didn't know any spells.
Your spell library was empty.

Dungeon Overview and Level Annotations

Branches:
Dungeon (13/15)            Temple (0/1) D:7            Lair (0/6) D:8
    Orc (0/2) D:9
 Vaults: D:13-14

Altars:
Ashenzari
Dithmenos
Elyvilon
Hepliaklqana
Nemelex Xobeh
Sif Muna
The Shining One

Shops:
D:4 %   D:6 *   D:13 (

Annotations:
D:6 2 transporters


Innate Abilities, Weirdness & Mutations

You have claws for hands.
You are partially covered in slimy green scales. (AC +2)
You regenerate a lot of health from kills.


Message History

* * * LOW HITPOINT WARNING * * *
You feel much better.
You feel sick. You block the meliai's attack. x2
You draw a card...
You have drawn the Tomb.
Nothing appears to happen.
You feel sick.
The meliai calls down the wrath of its god upon you.
Something smites you! You block the meliai's attack. x2
You draw a card...
You have drawn Velocity.
The meliai seems to slow down.
The hound seems to slow down.
You feel sick. You block the meliai's attack. x4
You puncture the meliai!
The meliai is moderately wounded.
You feel sick.
The meliai mumbles some strange prayers to its god against you.
Something smites you!
* * * LOW HITPOINT WARNING * * *
You puncture the meliai!
The meliai is almost dead.
The meliai mumbles some strange prayers to its god against you.
Something smites you!
You die...
Your body glows with a rainbow of weird colours and disappears.

........## ##....##
##...#...## ##....#
#....#...#####.#..##
##.#...#....#...##..##
#..##....#......###..#
#..####.....#...##...#
#.####...#.........###
..###.<.###....#####
.......## ##...#@##
......## #..##y#
#.....# #..##h#
#...#.######...○☼#
....#........###..#
...##..#....## #...#
....#.####.## #.....
###...# #.# .).... #
##..# #.# ......#


You could see a meliai and a hound.

Vanquished Creatures
  Kirke (D:13)
  Josephine (D:11)
  A two-headed ogre (D:12)
  A hydra (D:13)
  A centaur warrior (D:13)
  Erica (D:11)
  A queen ant (D:11)
  Nergalle (D:11)
  An unseen horror (D:12)
  A cyclops (D:11)
  An ugly thing (D:12)
  2 gargoyles
  A komodo dragon (D:13)
  3 trolls
  A hornet (D:9)
  2 meliai (D:13)
  3 slime creatures (D:13)
  5 hippogriffs
  7 yaks
  2 vampires
  A spriggan (D:8)
  3 wraiths (D:11)
  A steam dragon (D:10)
  A hog (D:13)
  2 basilisks
  An acid dragon (D:9)
  A soldier ant (D:13)
  2 sky beasts
  3 ice beasts
  A slave (D:9)
  7 orc warriors
  A swamp drake (D:7)
  An eye of draining (D:13)
  2 black bears
  4 ogres
  4 wolves (D:8)
  2 centaurs (D:13)
  A big kobold (D:9)
  10 bullfrogs
  A gnoll sergeant (D:6)
  A wyvern zombie (D:13)
  3 scorpions
  A wyvern skeleton (D:11)
  A water moccasin skeleton (D:7)
  7 killer bees
  4 wights (D:6)
  A howler monkey (D:4)
  An electric eel (D:8)
  4 crimson imps
  A bullfrog zombie (D:11)
  3 jellies
  6 orc priests
  7 hounds
  A human zombie (Ossuary)
  4 bullfrog skeletons
  A centaur zombie (D:5)
  9 orc wizards
  2 centaur skeletons (D:8)
  3 iguanas
  9 worker ants
  3 hound zombies (Ossuary)
  4 mummies (Ossuary)
  2 hound skeletons
  A worker ant zombie (D:9)
  3 gnolls (D:3)
  10 adders
  A howler monkey skeleton (D:5)
  2 shadow imps
  3 oozes
  2 adder skeletons (D:8)
  An adder zombie (Ossuary)
  5 worms
  A dart slug (D:2)
  5 leopard geckos
  32 orcs
  4 giant cockroaches
  19 goblins
  9 hobgoblins
  11 jackals
  6 quokkas
  8 bats
  9 frilled lizards
  2 gnoll zombies (Ossuary)
  A goblin zombie (Ossuary)
  2 hobgoblin zombies
  3 jackal zombies
  6 kobolds
  2 kobold zombies (Ossuary)
  A quokka skeleton (D:6)
  A quokka zombie (D:9)
  8 rats
  A rat zombie (D:5)
323 creatures vanquished.

Vanquished Creatures (collateral kills)
  A slime creature (D:13)
  Eustachio (D:4)
  An ogre (D:4)
  A crocodile (D:12)
  Blork the orc (D:4)
  An orc priest (D:13)
  An orc wizard (D:4)
  A gnoll (D:6)
  An adder (D:4)
  A worm (D:4)
  3 orcs (D:4)
  A quokka skeleton (D:4)
14 creatures vanquished.

Vanquished Creatures (others)
  The ghost of Kotlin the Thaumaturge, a journeyman DEFE of Vehumet (D:13)
  An ugly thing (D:12)
  A shadow (D:12)
  6 hogs (D:13)
  An orc warrior (D:6)
  A sky beast (D:6)
  A centaur (D:11)
  An orc wizard (D:5)
  3 gnolls (D:6)
  An adder (D:6)
  3 ball lightnings (D:13)
  2 orcs (D:11)
  A goblin (D:7)
23 creatures vanquished.

Grand Total: 360 creatures vanquished

Notes
Turn   | Place    | Note
-------+----------+-------------------------------------------
     0 | D:1      | troglodite the Demonspawn Fighter began the quest for the
                  | Orb.
     0 | D:1      | Reached XP level 1. HP: 18/18 MP: 1/1
   345 | D:1      | Found a sparkling altar of Nemelex Xobeh.
   539 | D:1      | Gained mutation: You have sharp fingernails. [demonic
                  | ancestry]
   539 | D:1      | Reached XP level 2. HP: 24/24 MP: 2/2
  1202 | D:2      | Reached skill level 3 in Shields
  1294 | D:2      | Reached XP level 3. HP: 29/29 MP: 3/3
  1363 | D:2      | Found a deep blue altar of Sif Muna.
  1960 | D:2      | Gained mutation: You are partially covered in slimy green
                  | scales. (AC +2) [demonic ancestry]
  1960 | D:2      | Reached XP level 4. HP: 25/36 MP: 4/4
  2801 | D:3      | Gained mutation: You have very sharp fingernails. [demonic
                  | ancestry]
  2801 | D:3      | Reached XP level 5. HP: 21/42 MP: 5/5
  3505 | D:3      | Found a faded altar of an unknown god.
  3845 | D:3      | Became a worshipper of Nemelex Xobeh the Trickster
  3845 | D:3      | Received a gift from Nemelex Xobeh
  3845 | D:3      | Reached * piety under Nemelex Xobeh
  3845 | D:3      | Received a gift from Nemelex Xobeh
  3943 | D:3      | Received a gift from Nemelex Xobeh
  4448 | D:4      | Noticed an ogre
  4455 | D:4      | Killed an ogre
  4455 | D:4      | Gained mutation: You regenerate a little health from kills.
                  | [demonic ancestry]
  4455 | D:4      | Reached XP level 6. HP: 27/48 MP: 6/6
  4456 | D:4      | Noticed Eustachio
  4463 | D:4      | Killed Eustachio
  4565 | D:4      | Noticed Blork the orc
  4581 | D:4      | Reached skill level 4 in Shields
  4585 | D:4      | Killed Blork the orc
  4585 | D:4      | Reached skill level 1 in Invocations
  4862 | D:4      | Found Uvut's Food Emporium.
  4897 | D:4      | Received a gift from Nemelex Xobeh
  5092 | D:5      | Entered Level 5 of the Dungeon
  5093 | D:5      | Gained mutation: You regenerate health from kills. [demonic
                  | ancestry]
  5093 | D:5      | Reached XP level 7. HP: 55/55 MP: 7/7
  5127 | D:5      | Reached ** piety under Nemelex Xobeh
  5174 | D:5      | Found a sand-covered staircase.
  5190 | Ossuary  | Entered an ossuary
  5255 | Ossuary  | Reached skill level 1 in Short Blades
  5272 | Ossuary  | Received a gift from Nemelex Xobeh
  5473 | D:4      | Found a hazy altar of Hepliaklqana.
  5473 | D:4      | Found a shattered altar of Ashenzari.
  5476 | D:4      | Found a glowing golden altar of the Shining One.
  5785 | D:5      | Found a white marble altar of Elyvilon.
  5811 | D:5      | Reached skill level 5 in Armour
  6402 | D:6      | Reached skill level 5 in Shields
  6419 | D:6      | Gained mutation: You regenerate a lot of health from kills.
                  | [demonic ancestry]
  6419 | D:6      | Reached XP level 8. HP: 56/61 MP: 10/10
  6463 | D:6      | Reached skill level 5 in Fighting
  6958 | D:6      | Found a transporter.
  6959 | D:6      | Found a transporter.
  7038 | D:6      | Received a gift from Nemelex Xobeh
  7170 | D:6      | Found Serurchualo's Assorted Antiques.
  7173 | D:6      | Bought a steaming rapier for 270 gold pieces
  7173 | D:6      | Identified the +4 rapier of Qoexets {pierce, Dex+2 SInv
                  | Stlth+} (You bought it in a shop on level 6 of the Dungeon)
  7519 | D:7      | Reached skill level 6 in Shields
  7519 | D:7      | Gained mutation: You have claws for hands. [demonic
                  | ancestry]
  7519 | D:7      | Reached XP level 9. HP: 51/68 MP: 12/12
  7736 | D:7      | Found a shadowy altar of Dithmenos.
  7963 | D:7      | Reached *** piety under Nemelex Xobeh
  8152 | D:7      | Reached skill level 5 in Invocations
  8423 | D:7      | Found a staircase to the Ecumenical Temple.
  8477 | D:8      | Noticed a troll
  8493 | D:8      | Killed a troll
  8569 | D:8      | Received a gift from Nemelex Xobeh
  8605 | D:8      | Found a staircase to the Lair.
  8662 | D:8      | Reached skill level 7 in Shields
  8738 | D:8      | Reached XP level 10. HP: 77/77 MP: 14/14
  8905 | D:8      | Found a white marble altar of Elyvilon.
  9542 | D:9      | Noticed a gargoyle
  9546 | D:9      | Killed a gargoyle
  9546 | D:9      | Reached skill level 5 in Short Blades
  9649 | D:9      | Received a gift from Nemelex Xobeh
  9654 | D:9      | Noticed Pikel
  9656 | D:9      | Noticed Pikel
  9656 | D:9      | Pikel changed into Pikel the hornet
  9667 | D:9      | Killed Pikel the hornet
  9903 | D:9      | Found a staircase to the Orcish Mines.
  9933 | D:9      | You fall through a shaft for 3 floors!
 10419 | D:10     | Entered Level 10 of the Dungeon
 10620 | D:10     | Reached **** piety under Nemelex Xobeh
 11058 | D:11     | Noticed an eight-headed hydra
 11060 | D:11     | Noticed a queen ant
 11060 | D:11     | an eight-headed hydra changed into a queen ant
 11082 | D:11     | Killed a queen ant
 11082 | D:11     | Reached skill level 8 in Shields
 11094 | D:11     | Noticed Erica
 11101 | D:11     | Killed Erica
 11101 | D:11     | Reached XP level 11. HP: 83/84 MP: 16/16
 11153 | D:11     | Got a jewelled whip
 11154 | D:11     | Identified the cursed +2 whip of Vaefeman {slash, *Noise
                  | rN+++ SInv} (You found it on level 11 of the Dungeon)
 11210 | D:11     | Received a gift from Nemelex Xobeh
 11495 | D:11     | Noticed Josephine
 11503 | D:11     | Killed Josephine
 12057 | D:11     | Noticed Nergalle
 12062 | D:11     | Noticed a spectral orc warlord
 12073 | D:11     | Killed Nergalle
 12085 | D:11     | Reached skill level 9 in Shields
 12110 | D:11     | Received a gift from Nemelex Xobeh
 12518 | D:12     | Noticed an unseen horror
 12541 | D:12     | Killed an unseen horror
 12669 | D:12     | Received a gift from Nemelex Xobeh
 12896 | D:12     | Found a shattered altar of Ashenzari.
 12914 | D:12     | Noticed a two-headed ogre
 12930 | D:12     | Killed a two-headed ogre
 13103 | D:12     | Noticed a red ugly thing
 13104 | D:12     | Noticed a brown ugly thing
 13107 | D:12     | Banished a red ugly thing
 13115 | D:12     | Killed a cyan ugly thing
 13610 | D:13     | Noticed a five-headed hydra
 13624 | D:13     | Killed a five-headed hydra
 13624 | D:13     | Reached XP level 12. HP: 49/93 MP: 18/18
 13734 | D:13     | Noticed a centaur warrior
 13747 | D:13     | Killed a centaur warrior
 13747 | D:13     | Reached skill level 10 in Shields
 13750 | D:13     | Reached skill level 1 in Stealth
 13752 | D:13     | Found a runed translucent gate.
 13752 | D:13     | Noticed Kotlin's ghost (journeyman DEFE)
 13761 | D:13     | Found a runed translucent gate.
 13761 | D:13     | Found a runed translucent gate.
 13878 | D:13     | Received a gift from Nemelex Xobeh
 13884 | D:13     | Killed Kotlin's ghost
 14242 | D:13     | Noticed Kirke
 14247 | D:13     | Killed Kirke
 14490 | D:13     | Found Qanoan's Antique Weapon Shoppe.
 14604 | D:13     | Reached ***** piety under Nemelex Xobeh
 15077 | D:13     | Killed from afar by a meliai

Skill      XL: |  1  2  3  4  5  6  7  8  9 10 11 12 |
---------------+-------------------------------------+-----
Armour         | 3 4 5 6 7 8 9 |  9.5
Shields        | 3 4 5 6 7 8 9 10 | 10.7
Long Blades    | 2 3 4 |  4.6
Fighting       | 4 5 6 7 8 |  8.9
Invocations    | 1 2 4 5 7 8 9 |  9.2
Short Blades   | 2 3 4 6 7 8 |  8.1
Stealth        | 1 |  1.5
Dodging        | |  0.8

Action                   |  1- 3 |  4- 6 |  7- 9 | 10-12 || total
-------------------------+-------+-------+-------+-------++-------
Melee: Long sword        |   169 |   210 |       |       ||   379
       Rapier            |       |    31 |   345 |   706 ||  1082
       Scimitar          |       |       |    98 |       ||    98
 Abil: Draw Summoning    |       |     2 |       |     3 ||     5
       Draw Destruction  |       |     1 |    20 |    33 ||    54
       Draw Escape       |       |       |     4 |    15 ||    19
  Use: Scroll            |       |       |     6 |     4 ||    10
       Potion            |       |       |     1 |     2 ||     3
 Stab: Confused          |       |       |       |     1 ||     1
       Distracted        |       |       |       |     2 ||     2
  Eat: Chunk             |     4 |    10 |     9 |    20 ||    43
       Ration            |       |       |     1 |       ||     1
Armor: Scale mail        |    26 |       |       |       ||    26
       Plate armour      |    97 |   205 |   355 |   308 ||   965
Dodge: Dodged            |    28 |    19 |    70 |    77 ||   194
Block: Shield            |   114 |   139 |   269 |   131 ||   653
       Large shield      |       |       |       |   405 ||   405
       Rpst.: Long sword |     5 |     5 |       |       ||    10
       Scimitar          |       |       |     4 |       ||     4
